 Dungeon Crawl Stone Soup version 0.30-a0-715-gdb4ae3ece1 (webtiles) character file.

Game seed: 3666461441294878716

1796 avis the Skirmisher (level 8, 0/66 HPs)
             Began as a Demigod Hunter on Jan 24, 2023.
             Killed by divine providence
             ... invoked by an orc priest
              (14 damage)
             ... on level 7 of the Dungeon.
             The game lasted 00:32:53 (7655 turns).

avis the Skirmisher (Demigod Hunter)                Turns: 7655, Time: 00:32:53

Health: 0/66       AC:  6    Str: 12    XL:     8   Next: 53%
Magic:  0/10       EV: 17    Int: 11    God:
Gold:   386        SH:  0    Dex: 25    Spells: 7/7 levels left

rFire   . . .      SeeInvis .    a - +0 shortbow
rCold   . . .      Faith    .    (shield currently unavailable)
rNeg    . . .      Spirit   +    c - +0 leather armour
rPois   +          Reflect  .    m - +1 helmet
rElec   .          Harm     .    z - +0 cloak "Rironi" {rPois}
rCorr   .          Rampage  .    (no gloves)
Will    .....                    (no boots)
Stlth   ++                       q - amulet of guardian spirit
HPRegen 0.31/turn                f - ring of flight
MPRegen 0.12/turn                n - ring of wizardry

@: flying
A: high MP 1, forlorn, divine attributes
a: no special abilities


You were on level 7 of the Dungeon.
You visited 2 branches of the dungeon, and saw 8 of its levels.

You collected 386 gold pieces.

Inventory:

Hand Weapons
 a - a +0 shortbow (weapon)
 b - a +0 short sword
 j - a +0 falchion
 w - a +2 vampiric whip
Missiles
 h - 6 poisoned darts
 k - a boomerang of dispersal
 p - 11 boomerangs
 v - 3 silver boomerangs
Armour
 c - a +0 leather armour (worn)
 l - a +2 chain mail of fire resistance
 m - a +1 helmet (worn)
 z - the +0 cloak "Rironi" (worn) {rPois}
   (You found it on level 4 of the Dungeon)

   rPois:     It protects you from poison.
 C - a +2 kite shield
Jewellery
 f - a ring of flight (left hand)
 n - a ring of wizardry (right hand)
 q - an amulet of guardian spirit (around neck)
Wands
 s - a wand of mindburst (8)
 B - a wand of roots (10)
Scrolls
 d - 4 scrolls of teleportation
 e - a scroll of blinking
 g - a scroll of identify
 o - a scroll of silence
 r - 2 scrolls of magic mapping
 u - a scroll of amnesia
 x - a scroll of vulnerability
 A - a scroll of immolation
 D - a scroll of enchant weapon {unknown}
Potions
 i - 3 potions of curing
 t - 7 potions of heal wounds
 y - 2 potions of flight


   Skills:
 - Level 4.0 Fighting
 - Level 8.0 Ranged Weapons
 * Level 6.8 Dodging
 - Level 2.0 Stealth


You had 7 spell levels left.
You didn't know any spells.
Your spell library contained the following spells:

 Spells                   Type           Power      Damage    Failure   Level
 Sting                    Tmut/Pois      0%         1d3       17%         1
 Poisonous Vapours        Pois/Air       0%         N/A       26%         2
 Olgreb's Toxic Radiance  Pois           0%         N/A       85%         4


Dungeon Overview and Level Annotations

Branches:
Dungeon (7/15)             Temple (1/1) D:4

Annotations:
D:3 Sif Muna's library


Innate Abilities, Weirdness & Mutations

You have an increased reservoir of magic. (+10% MP)
You shall have no god before yourself.
Your divine heritage dramatically boosts your attributes as you level up.


Message History

Fire: a) +0 shortbow
Press: ? - help, Q - select action, (/) - cycle Shift-Dir - straight line, f/p - orc warrior
Aim: an orc warrior, wielding a +0 arbalest and wearing a +0 chain mail (moderately wounded, 67% to hit)
You shoot an arrow. The arrow hits the orc warrior.
The orc warrior is heavily wounded.
The orc warrior shoots a bolt.
The bolt misses you.
Fire: a) +0 shortbow
Press: ? - help, Q - select action, (/) - cycle Shift-Dir - straight line, f/p - orc warrior
Aim: an orc warrior, wielding a +0 arbalest and wearing a +0 chain mail (heavily wounded, 67% to hit)
You shoot an arrow.
The arrow hits the orc warrior but does no damage.
The orc warrior is heavily wounded.
The orc warrior shoots a bolt.
The bolt closely misses you.
Fire: a) +0 shortbow
Press: ? - help, Q - select action, (/) - cycle Shift-Dir - straight line, f/p - orc warrior
Aim: an orc warrior, wielding a +0 arbalest and wearing a +0 chain mail (heavily wounded, 67% to hit)
You shoot an arrow.
The arrow hits the orc warrior but does no damage.
The orc warrior is heavily wounded.
The orc warrior shoots a bolt.
The bolt hits you!
The orc priest invokes the aid of Beogh against you.
Beogh smites you!
Fire: a) +0 shortbow
Press: ? - help, Q - select action, (/) - cycle Shift-Dir - straight line, f/p - orc warrior
Aim: an orc warrior, wielding a +0 arbalest and wearing a +0 chain mail (heavily wounded, 67% to hit)
You shoot an arrow.
The arrow hits the orc warrior but does no damage.
The orc warrior is heavily wounded.
The orc warrior shoots a bolt.
The bolt barely misses you.
The orc priest looks satisfied for a moment.
Fire: a) +0 shortbow
Press: ? - help, Q - select action, (/) - cycle Shift-Dir - straight line, f/p - orc warrior
Aim: an orc warrior, wielding a +0 arbalest and wearing a +0 chain mail (heavily wounded, 67% to hit)
You shoot an arrow. The arrow hits the orc warrior.
The orc warrior is heavily wounded.
The orc warrior shoots a bolt.
The bolt hits you!
* * * LOW HITPOINT WARNING * * *
The orc priest calls down the wrath of Beogh upon you.
Beogh smites you!
You die...

##+#
##...##
##.....##
##.......##
#.........#
+.........+
#.......†<#
#......†##
##....@##
##..)##
##o# #o #


You could see an orc warrior and an orc priest.

Vanquished Creatures
  A human (D:6)
  A steam dragon (D:6)
  An orc warrior (D:5)
  A black bear (D:6)
  An ice beast (D:5)
  2 ogres (D:5)
  A gnoll sergeant (D:6)
  3 scorpions
  4 howler monkeys
  3 hounds
  A jelly (D:5)
  2 orc priests
  2 iguanas
  4 orc wizards
  Robin (D:3)
  11 gnolls
  7 adders
  A white imp (D:6)
  3 worms
  2 dart slugs
  40 orcs
  6 ball pythons
  7 endoplasms
  2 giant cockroaches
  13 hobgoblins
  6 quokkas
  5 bats (D:1)
  5 frilled lizards
  10 goblins
  A jackal zombie (D:6)
  4 kobolds
  A kobold skeleton (D:6)
  11 rats
163 creatures vanquished.

Notes
Turn   | Place    | Note
-------+----------+-------------------------------------------
     0 | D:1      | avis the Demigod Hunter began the quest for the Orb.
     0 | D:1      | Reached XP level 1. HP: 17/17 MP: 3/3
   440 | D:1      | Reached skill level 4 in Ranged Weapons
   453 | D:1      | Reached XP level 2. HP: 24/24 MP: 4/4
   656 | D:1      | You are sucked into a shaft and drop 1 floor!
  1226 | D:2      | Reached XP level 3. HP: 29/29 MP: 5/5
  1333 | D:1      | Reached skill level 1 in Stealth
  1647 | D:2      | Reached XP level 4. HP: 17/36 MP: 6/6
  2260 | D:3      | Noticed Robin
  2571 | D:3      | Killed Robin
  3174 | D:3      | Reached XP level 5. HP: 26/45 MP: 7/7
  3893 | D:4      | Identified the +0 cloak "Rironi" {rPois}
  3992 | D:4      | Reached skill level 5 in Ranged Weapons
  4120 | D:4      | Reached XP level 6. HP: 49/51 MP: 8/8
  4225 | D:4      | Found a staircase to the Ecumenical Temple.
  4500 | D:4      | Noticed a water elemental
  4504 | D:4      | Noticed an air elemental
  4562 | D:4      | Reached skill level 6 in Ranged Weapons
  4740 | D:4      | Noticed a fire elemental
  5076 | Temple   | Entered the Ecumenical Temple
  5136 | D:5      | Entered Level 5 of the Dungeon
  5561 | D:5      | Reached XP level 7. HP: 57/57 MP: 9/9
  5567 | D:5      | Reached skill level 5 in Dodging
  6721 | D:6      | Noticed a steam dragon
  6726 | D:6      | Killed a steam dragon
  6727 | D:6      | Reached XP level 8. HP: 66/66 MP: 10/10
  6834 | D:6      | Reached skill level 7 in Ranged Weapons
  7125 | D:6      | Found a runed translucent door.
  7174 | D:6      | Reached skill level 8 in Ranged Weapons
  7655 | D:7      | Killed from afar by an orc priest

Illustrated notes

Levels and vault maps discovered:
D:1:      minmay_arrival_stair_chambers, layout_basic, serial_bayou_pond_a
D:2:      layout_loops_ring, basic_altar, shapermc_ecumenical_altar_ellora
D:3:      cheibrodos_pilgrimage, layout_basic, nicolae_sif_muna_little_library,
          minmay_checkerbox, uniq_robin
D:4:      layout_layer_cave, nicolae_qazlal_style_of_elements,
          mainiacjoe_overflow_surrounded_room, temple_fountains,
          cheibrodos_gnoll_hut
D:5:      layout_loops_ring, grunt_temple_overflow_opulence,
          jmf_multi_god_temple, guppyfry_early_orc_mine
D:6:      layout_loops_ring, dk_yredelemnul_ordeal
D:7:      layout_loops_corners, wad_rectangle_vault
Temple:   eino_wide_crystal_templ

Skill      XL: |  1  2  3  4  5  6  7  8 |
---------------+-------------------------+-----
Fighting       | 2 3 4 |  4.0
Ranged Weapons | 4 5 6 8 |  8.0
Dodging        | 2 3 4 6 |  6.8
Stealth        | 2 |  2.0

Action                     |  1- 3 |  4- 6 |  7- 9 || total
---------------------------+-------+-------+-------++-------
   Fire: Shortbow          |    96 |   242 |   235 ||   573
    Use: Scroll            |       |    10 |     1 ||    11
         Potion            |       |     2 |       ||     2
 Armour: Leather armour    |     9 |    34 |    23 ||    66
  Dodge: Dodged            |    19 |   106 |   147 ||   272

Table legend: (Time is in decaauts)
 A = Elapsed time spent in this place.
 B = Non-inter-level travel time spent in this place.
 C = Inter-level travel time spent in this place.
 D = Time resting spent in this place.
 E = Time spent auto-exploring this place.
 F = Levels seen in this place.
 G = Mean time per level.
                   A        B        C        D        E       F      G
               +--------+--------+--------+--------+--------+-----+--------+
         Total |   7823 |   7113 |    710 |   1742 |   3724 |   8 |  977.9 |
       Dungeon |   7797 |   7087 |    710 |   1742 |   3724 |   7 | 1113.9 |
        Temple |     25 |     25 |      0 |      0 |      0 |   1 |   25.0 |
               +--------+--------+--------+--------+--------+-----+--------+

Top non-repeatable levels by time:
     D:4: 1756 daAuts
     D:1: 1442 daAuts
     D:2: 1441 daAuts
     D:5: 1106 daAuts
     D:3: 1000 daAuts
     D:6: 997 daAuts
     D:7: 52 daAuts
  Temple: 25 daAuts
